 Dungeon Crawl Stone Soup version 0.30.0-10-gfe55d96785 (webtiles) character file.

Game seed: 130329308471740999

1385 McKennaii the Conjurer (level 8, -5/57 HPs)
             Began as a Demigod Conjurer on May 16, 2023.
             Slain by justviktor's ghost (16 damage)
             ... on level 4 of the Dungeon.
             The game lasted 00:06:00 (6714 turns).

McKennaii the Conjurer (Demigod Conjurer)           Turns: 6714, Time: 00:06:01

Health: -5/57      AC:  3    Str:  8    XL:     8   Next: 17%
Magic:  1/21       EV: 17    Int: 28    God:
Gold:   440        SH:  0    Dex: 12    Spells: 12/19 levels left

rFire   . . .        y - +2 flail (protect)
rCold   . . .        (no shield)
rNeg    . . .        a - +0 robe
rPois   +            t - +0 helmet
rElec   .            (no cloak)
rCorr   .            (no gloves)
SInv    .            (no boots)
Will    .....        (no amulet)
Stlth   ++           d - ring of poison resistance
HPRegen 0.29/turn    i - +5 ring of evasion
MPRegen 0.17/turn

%: no passive effects
@: no status effects
A: high MP 1, forlorn, divine attributes
a: no special abilities


You were on level 4 of the Dungeon.
You visited 1 branch of the dungeon, and saw 6 of its levels.
You also visited: Ossuary.

You collected 440 gold pieces.

Inventory:

Hand Weapons
 y - a +2 flail of protection (weapon)
Armour
 a - a +0 robe (worn)
 s - the +6 ring mail of Kaqathil {rElec rF+}
   (You found it on level 4 of the Dungeon)

   rF:        It protects you from fire.
   rElec:     It insulates you from electricity.
 t - a +0 helmet (worn)
Jewellery
 d - a ring of poison resistance (left hand)
 i - a +5 ring of evasion (right hand)
 p - a ring of flight
Wands
 r - a wand of digging (6)
Scrolls
 c - 3 scrolls of amnesia {unknown}
 e - 4 scrolls of teleportation {unknown}
 h - 3 scrolls of immolation {unknown}
 k - a scroll of torment {unknown}
 m - 11 scrolls of identify {unknown}
 o - a scroll of poison {unknown}
 w - 2 scrolls of enchant weapon {unknown}
 B - a scroll of enchant armour {unknown}
 C - a scroll of fog {unknown}
Potions
 b - a potion of magic
 f - 8 potions of curing {unknown}
 g - 3 potions of brilliance {unknown}
 j - 3 potions of invisibility {unknown}
 l - a potion of haste {unknown}
 n - a potion of flight {unknown}
 q - a potion of degeneration {unknown}
 u - a potion of attraction {unknown}
 v - 3 potions of might {unknown}
 x - a potion of lignification {unknown}
 z - a potion of cancellation {unknown}
 A - 2 potions of mutation {unknown}


   Skills:
 - Level 1.7 Dodging
 - Level 1.7 Stealth
 + Level 6.3 Spellcasting
 + Level 7.6 Conjurations


You had 12 spell levels left.
You knew the following spells:

 Your Spells              Type           Power      Damage    Failure   Level
a - Magic Dart            Conj           100%       1d8       1%          1
b - Searing Ray           Conj           100%       2d8       1%          2
c - Iskenderun's Mystic   Conj/Tloc      30%        2d8       12%         4

Your spell library contained the following spells:

 Spells                   Type           Power      Damage    Failure   Level
 Kiss of Death            Conj/Necr      100%       2d13      1%          1
 Dazzling Flash           Conj/Hex       60%        N/A       3%          3
 Apportation              Tloc           16%        N/A       6%          1
 Necrotise                Necr           32%        1d5       6%          1
 Summon Small Mammal      Summ           32%        N/A       6%          1
 Ensorcelled Hibernation  Hex/Ice        16%        N/A       9%          2
 Fulminant Prism          Conj/Hex       15%        3d10      12%         4
 Confusing Touch          Hex            8%         N/A       17%         3
 Spider Form              Tmut/Pois      8%         N/A       17%         3
 Anguish                  Hex/Necr       4%         N/A       50%         4
 Dispel Undead            Necr           8%         3d8       50%         4


Dungeon Overview and Level Annotations

Branches:
Dungeon (6/15)            Ossuary (visited)
 Temple: D:4-7

Shops:
D:1 (

Annotations:
D:4 justviktor's ghost, amateur MiFi


Innate Abilities, Weirdness & Mutations

You have an increased reservoir of magic. (+10% MP)
You shall have no god before yourself.
Your divine heritage dramatically boosts your attributes as you level up.


Message History

Aiming: Searing Ray (safe; 1% risk of failure)
Press: ? - help, Shift-Dir - straight line, f/p - justviktor's ghost
Aim: justviktor's ghost (severely damaged, 98% to hit)
The searing ray hits justviktor's ghost but does no damage.
Justviktor's ghost is severely damaged. (Press . to maintain the ray.) Justviktor's ghost hits you.
The searing ray hits justviktor's ghost.
Justviktor's ghost is severely damaged.
Justviktor's ghost closely misses you.
The searing ray hits justviktor's ghost but does no damage.
Justviktor's ghost is severely damaged.
Justviktor's ghost barely misses you.
The searing ray hits justviktor's ghost.
Justviktor's ghost is almost destroyed.
You finish channelling your searing ray.
Justviktor's ghost hits you.
Unknown command.
Okay, then.
Justviktor's ghost takes a fighting stance.
Justviktor's ghost attacks as you move away!
Justviktor's ghost hits you.
Justviktor's ghost attacks as you move away!
Justviktor's ghost hits you.
Justviktor's ghost attacks as you move away!
Justviktor's ghost hits you but does no damage.
Justviktor's ghost attacks as you move away!
Justviktor's ghost hits you!!
* * * LOW HITPOINT WARNING * * *
Okay, then.
Casting: Searing Ray (safe; 1% risk of failure)
Confirm with . or Enter, or press ? or * to list all spells.
Aiming: Searing Ray (safe; 1% risk of failure)
Press: ? - help, Shift-Dir - straight line, f/p - justviktor's ghost
Aim: justviktor's ghost (almost destroyed, 98% to hit)
The searing ray hits justviktor's ghost but does no damage.
Justviktor's ghost is almost destroyed. (Press . to maintain the ray.) Justviktor's ghost hits you!
You die...

###### ##########....#
#.......##....# #
##.......##....#######
######........##...........
#........W@.........#######
#.......###...##.......#
#......##⌠##...#....##.####
#.....##...##.......##.....
#....##..?..##...##..#####.
#....#⌠..♣...'..####..#####
#....##..!..##...####....#
#.....##...##..........###
####...##⌠##...#.......#


You could see justviktor's ghost.

Vanquished Creatures
  A sky beast (D:6)
  2 black bears
  2 ice beasts
  An elf zombie (Ossuary)
  A bullfrog (D:6)
  2 scorpions
  2 howler monkeys (D:6)
  A hound (D:5)
  A human zombie (Ossuary)
  2 jellies
  2 centaur zombies (Ossuary)
  2 sleepcaps
  3 iguanas
  2 mummies (Ossuary)
  4 adders
  8 gnolls
  3 white imps
  3 ufetubi
  An adder zombie (Ossuary)
  3 dart slugs
  5 orcs
  2 ball pythons
  7 bats
  11 endoplasms
  A giant cockroach (D:2)
  5 goblins
  7 hobgoblins
  5 jackals (D:1)
  7 kobolds
  8 quokkas
  3 frilled lizards
  A goblin zombie (Ossuary)
  9 hobgoblin zombies (Ossuary)
  2 jackal zombies (Ossuary)
  10 kobold zombies (Ossuary)
  8 orc zombies (Ossuary)
  5 rats
  A rat zombie (Ossuary)
143 creatures vanquished.

Vanquished Creatures (others)
  A quokka (D:6)
1 creature vanquished.

Grand Total: 144 creatures vanquished

Notes
Turn   | Place    | Note
-------+----------+-------------------------------------------
     0 | D:1      | McKennaii the Demigod Conjurer began the quest for the Orb.
     0 | D:1      | Reached XP level 1. HP: 14/14 MP: 5/5
   129 | D:1      | Reached XP level 2. HP: 9/20 MP: 1/7
   280 | D:1      | Reached skill level 4 in Conjurations
   546 | D:1      | Found Gysill's Antique Weapon Emporium.
   620 | D:1      | Reached XP level 3. HP: 26/26 MP: 5/9
   874 | D:1      | Learned a level 2 spell: Searing Ray
  1959 | D:3      | Reached XP level 4. HP: 21/33 MP: 5/11
  2074 | D:3      | Learned a level 4 spell: Iskenderun's Mystic Blast
  2714 | D:4      | Reached skill level 5 in Conjurations
  2714 | D:4      | Reached XP level 5. HP: 33/38 MP: 3/13
  2920 | D:4      | Found a runed translucent door.
  3005 | D:4      | Noticed justviktor's ghost (amateur MiFi)
  3016 | D:4      | Identified the +6 ring mail of Kaqathil {rElec rF+}
  3467 | D:5      | Entered Level 5 of the Dungeon
  3504 | D:5      | Found a sand-covered staircase.
  3509 | Ossuary  | Entered an ossuary
  4103 | Ossuary  | Reached XP level 6. HP: 40/45 MP: 9/15
  4604 | D:5      | Reached skill level 6 in Conjurations
  4801 | D:5      | Reached skill level 5 in Spellcasting
  4801 | D:5      | Reached XP level 7. HP: 34/50 MP: 6/18
  5144 | D:5      | Identified the +4 quarterstaff of Wisdom {holy, rPois Int-3
                  | Dex+2}
  5629 | D:6      | Reached skill level 7 in Conjurations
  5797 | D:6      | Reached XP level 8. HP: 57/57 MP: 13/20
  6714 | D:4      | Slain by justviktor's ghost

Illustrated notes

Levels and vault maps discovered:
D:1:      minmay_arrival_shattered_statue, layout_rooms,
          hellmonk_ecumenical_altar_heavens_door, serial_shops,
          nicolae_shop_hallway_stairs
D:2:      layout_basic, serial_rivers, chequers_serial_rivers_marsh,
          chequers_serial_rivers_micro_c, chequers_serial_rivers_micro_a,
          chequers_serial_rivers_micro_d, chequers_serial_rivers_micro_c,
          minmay_pentomino_u2
D:3:      layout_loops_cross, chequers_garden
D:4:      layout_rooms, lemuel_round_altar, hellmonk_ghost_happy_afterlife
D:5:      layout_rooms, serial_glass, glass_columns_a, glass_columns_a,
          feat_on_display, enter_ossuary_5, hangedman_decor_growths
D:6:      layout_basic, jmf_multi_god_temple, elyvilon_altar_4,
          chequers_serial_rivers_room_b

Skill      XL: |  1  2  3  4  5  6  7 |
---------------+----------------------+-----
Spellcasting   | 2 3 4 5 6 |  6.3
Conjurations   | 4 5 6 7 |  7.6
Dodging        | |  1.7
Stealth        | |  1.7

Action                     |  1- 3 |  4- 6 |  7- 9 || total
---------------------------+-------+-------+-------++-------
  Melee: Unarmed           |    26 |       |       ||    26
   Cast: Magic Dart        |    85 |   127 |    71 ||   283
         Searing Ray       |     1 |    21 |    12 ||    34
         Iskenderun's Myst |       |       |     2 ||     2
 Armour: Robe              |    17 |    10 |     3 ||    30
  Dodge: Dodged            |    30 |    37 |    14 ||    81
